cohdb
Replays
Latest Replays
All Replays
Popular Replays
Top Player Replays
Match Explorer
How It Works
Community
CoH3 Stats
Reddit
Sign in to upload your games and track your stats! →
Sign in with Steam
Match 37986647
Unlisted
Match 37986647
Overview
Messages
Build Orders
End
Selects Italian Combined Arms Battlegroup
Selects Bersaglieri Squad
Bersaglieri Squad
Panzerpioneer Squad
Bersaglieri Squad
Bersaglieri Squad
Construct Light Support Kompanie
Selects Bersaglieri Bolster
2.5-tonne Medical Truck
Selects Bersaglieri Bolster
Fire Support Elements
Panzerjäger Squad
Construct Panzerarmee Kommand
Selects Breda Model 30 Light Machine Guns
Pak 38 Anti-tank Gun Team
WilMax
MegaGroganX
Artamoule
Vanguard
MrBiggles
Zimson
Tanith's Finest
Heavy Weapons Guy
0
0
Comments
sign in to comment!
No comments posted yet!